 Dungeon Crawl Stone Soup version 0.28.0-47-ge53b351184 (webtiles) character file.

Game seed: 8670389440342528304

488 101zpm the Magician (level 7, -1/45 HPs)
             Began as a Djinni Fire Elementalist on May 8, 2022.
             Engulfed by a cloud of flame (8 damage)
             ... on level 5 of the Dungeon.
             The game lasted 00:04:31 (5475 turns).

101zpm the Magician (Djinni Fire Elementalist)      Turns: 5475, Time: 00:04:32

Health: -1/45      AC:  2    Str:  7    XL:     7   Next: 36%
Gold:   178        EV: 12    Int: 18    God:
                   SH:  0    Dex: 14

rFire   + + .      SeeInvis .   (no weapon)
rCold   x . .      Faith    .   (no shield)
rNeg    . . .      Spirit   .   a - +0 robe
rPois   ∞          Reflect  .   (no helmet)
rElec   .          Harm     .   (no cloak)
rCorr   .          Rampage  .   (no gloves)
Will    .....                   (boots unavailable)
Stlth   ++........              (no amulet)
HPRegen 0.15/turn               (no ring)
MPRegen 0.00/turn               (no ring)

@: flying
A: sickness immunity, fire resistance 2, cold vulnerability 1, float, innate
caster, HP casting, extra vitality 1
a: no special abilities


You were on level 5 of the Dungeon.
You visited 1 branch of the dungeon, and saw 5 of its levels.

You collected 178 gold pieces.

Inventory:

Missiles
 j - a throwing net
Armour
 a - a +0 robe (worn)
Scrolls
 c - a scroll of brand weapon {unknown}
 d - a scroll of immolation {unknown}
 g - 2 scrolls of teleportation {unknown}
 i - 4 scrolls of identify {unknown}
Potions
 b - 2 potions of attraction {unknown}
 e - a potion of cancellation {unknown}
 f - 2 potions of curing
 h - a potion of lignification {unknown}
 k - a potion of heal wounds


   Skills:
 + Level 2.2 Dodging
 + Level 2.4 Stealth
 + Level 5.8 Spellcasting


You couldn't memorise any spells.
You knew the following spells:

 Your Spells              Type           Power      Damage    Failure   Level
a - Foxfire               Conj/Fire      100%       2x1d9     1%          1
b - Scorch                Fire           52%        2d8       1%          2
c - Conjure Flame         Conj/Fire      26%        6-21      3%          3
d - Inner Flame           Hex/Fire       26%        N/A       3%          3
e - Flame Wave            Conj/Fire      26%        2d7       11%         4
f - Beastly Appendage     Tmut           52%        N/A       1%          1
g - Searing Ray           Conj           52%        2d6       1%          2
h - Portal Projectile     Hex/Tloc       52%        N/A       3%          3
Your spell library was empty.

Dungeon Overview and Level Annotations

Branches:
Dungeon (5/15)
 Temple: D:4-7

Altars:
Sif Muna

Annotations:
D:5 Prince Ribbit, Sigmund


Innate Abilities, Weirdness & Mutations

You are immune to sickness and miasma.
You are immune to poison.
Your flesh is very heat resistant. (rF++)
You are vulnerable to cold. (rC-)
You float through the air rather than walking.
You learn spells naturally, not from books.
Your magical power is your life essence.
You have superior vitality. (+4 MHP)


Message History

The gnoll shouts!
The foxfire hits the adder zombie!
Flame seeps out of the adder zombie.
The adder zombie is heavily damaged.
The foxfire hits the adder zombie!
Flame seeps out of the adder zombie.
The adder zombie is almost destroyed.
A centaur skeleton comes into view.
The adder zombie is engulfed in blazing flames.
The adder zombie explodes!
The fiery explosion engulfs you! You resist.
The fiery explosion engulfs the gnoll!!
You kill the gnoll!
The fiery explosion engulfs the gnoll!!
You kill the gnoll!
You hear a shout!
You hear a bark! x2; You hear an angry hiss.
You hear a bark!
Casting: Inner Flame (dangerous; 3% risk of failure)
Confirm with . or Enter, or press ? or * to list all spells.
Aiming: Inner Flame (dangerous; 3% risk of failure)
Press: ? - help, Dir - move target, f - centaur skeleton
Aim: a centaur skeleton (chance to affect: 89%)
The centaur skeleton is filled with an inner flame.
You are engulfed in blazing flames.
You resist.
Casting: Inner Flame (dangerous; 3% risk of failure)
Confirm with . or Enter, or press ? or * to list all spells.
Flames lash the centaur skeleton.
Flame seeps out of the centaur skeleton.
The centaur skeleton is moderately damaged.
The centaur skeleton's fire resistance burns away.
You are engulfed in blazing flames.
You resist.
* * * LOW HITPOINT WARNING * * *
You hear a shout!
The centaur skeleton is engulfed in blazing flames.
Flame seeps out of the centaur skeleton.
The centaur skeleton closely misses you.
The centaur skeleton kicks you.
* * * LOW HITPOINT WARNING * * *
Prince Ribbit comes into view.
Sigmund the Dreaded comes into view.
He is wielding a +0 scythe.
A gnoll comes into view. It is wielding a +0 club.
You are engulfed in blazing flames.
You resist.
You die...

### ..#
?.## ...
$.# g§#
####Z§###.#
#..@§.....#
#.##..###.#
# ..# F.#
... ..##
.## @#


You could see Prince Ribbit, Sigmund, a gnoll and a centaur skeleton (inner
flame, combustible).

Vanquished Creatures
  A black bear (D:3)
  A necrophage (D:3)
  An orc priest (D:3)
  3 orc wizards (D:3)
  Terence (D:3)
  9 gnolls
  2 adders (D:3)
  An adder zombie (D:5)
  2 worms (D:2)
  A dart slug (D:2)
  4 orcs (D:3)
  2 endoplasms
  2 giant cockroaches
  6 hobgoblins
  4 jackals (D:2)
  6 kobolds
  A quokka (D:1)
  3 ball pythons
  4 bats (D:2)
  4 frilled lizards
  5 goblins
  8 rats
71 creatures vanquished.

Vanquished Creatures (others)
  403 foxfires
403 creatures vanquished.

Grand Total: 474 creatures vanquished

Notes
Turn   | Place    | Note
-------+----------+-------------------------------------------
     0 | D:1      | 101zpm the Djinni Fire Elementalist began the quest for the
                  | Orb.
     0 | D:1      | Reached XP level 1. HP: 15/15 MP: 0/0
   701 | D:1      | Reached XP level 2. HP: 18/21 MP: 0/0
   835 | D:1      | Found a faded altar of an unknown god.
  1817 | D:1      | Reached skill level 3 in Spellcasting
  2251 | D:2      | Reached XP level 3. HP: 17/25 MP: 0/0
  2251 | D:2      | Learned a level 1 spell: Beastly Appendage
  3345 | D:2      | Reached XP level 4. HP: 29/31 MP: 0/0
  3749 | D:3      | Noticed a black bear
  3879 | D:3      | Reached skill level 4 in Spellcasting
  3879 | D:3      | Reached XP level 5. HP: 6/35 MP: 0/0
  3879 | D:3      | Learned a level 2 spell: Searing Ray
  4221 | D:3      | Killed a black bear
  4222 | D:3      | Reached XP level 6. HP: 31/40 MP: 0/0
  4236 | D:3      | Noticed Terence
  4243 | D:3      | Killed Terence
  4501 | D:3      | Reached skill level 5 in Spellcasting
  4506 | D:3      | Noticed a necrophage
  4509 | D:3      | Killed a necrophage
  4510 | D:3      | Reached XP level 7. HP: 7/45 MP: 0/0
  4510 | D:3      | Learned a level 3 spell: Portal Projectile
  5470 | D:5      | Entered Level 5 of the Dungeon
  5474 | D:5      | Noticed Prince Ribbit
  5474 | D:5      | Noticed Sigmund
  5475 | D:5      | Engulfed by a cloud of flame

Illustrated notes

Levels and vault maps discovered:
D:1:      lightli_iron_boxes, layout_basic, chequers_ecumenical_altar_twisty
D:2:      layout_loops_ring, basic_altar
D:3:      layout_basic, uniq_terence
D:4:      layout_loops_cross, dancing_weapons_uskayaw, uniq_menkaure
D:5:      layout_loops_ring, nicolae_qazlal_eye_of_the_storm, uniq_sigmund,
          uniq_prince_ribbit1

Skill      XL: |  1  2  3  4  5  6 |
---------------+-------------------+-----
Spellcasting   | 3 4 5 |  5.8
Stealth        | 2 |  2.4
Dodging        | |  2.2

Action                   |  1- 3 |  4- 6 |  7- 9 || total
-------------------------+-------+-------+-------++-------
 Cast: Foxfire           |   158 |    68 |    34 ||   260
       Scorch            |     4 |    11 |     1 ||    16
       Inner Flame       |       |     6 |     4 ||    10
Dodge: Dodged            |     2 |     5 |     2 ||     9
